 Dungeon Crawl Stone Soup version 0.26.0-11-g8f856b5395 (webtiles) character file.

Game seed: 9083915987530208348

62347 teolandon225 the Bludgeoner (level 15, -6/98 HPs)
             Began as a Gargoyle Fighter on Jan 14, 2021.
             Was a High Priest of Wu Jian.
             Killed from afar by Frances (26 damage)
             ... with an iron shot
             ... on level 13 of the Dungeon.
             The game lasted 01:00:18 (23432 turns).

teolandon225 the Bludgeoner (Gargoyle Fighter)     Turns: 23432, Time: 01:00:18

Health: -6/98      AC: 39    Str: 24    XL:     15   Next: 6%
Magic:  15/15      EV:  7    Int: 11    God:    Wu Jian [*****.]
Gold:   1411       SH: 13    Dex: 11    Spells: 14/14 levels left

rFire    . . .     SeeInvis .   N - +2 flail (drain)
rCold    . . .     Faith    +   c - +0 kite shield
rNeg     + . .     Spirit   .   k - +1 plate armour
rPois    ∞         Reflect  .   (helmet restricted)
rElec    +         Harm     .   (no cloak)
rCorr    .         Rampage  .   s - +0 pair of gloves
Will     +....                  b - +0 pair of boots
Stlth    ..........             j - amulet of faith
HPRegen  0.66/turn              M - +4 ring of protection
MPRegen  0.14/turn              O - +4 ring of protection

@: heavenly storm, glowing
A: antennae 1, big wings, agile 1, negative energy resistance 1, regeneration 1,
electricity resistance, unbreathing, petrification resistance, miasma immunity,
MP-powered wands, AC +11
a: Fly, Renounce Religion, Wall Jump, Serpent's Lash, Heavenly Storm


You were on level 13 of the Dungeon.
You worshipped Wu Jian.
Wu Jian was extremely pleased with you.
You visited 2 branches of the dungeon, and saw 19 of its levels.
You also visited: Sewer.

You collected 1543 gold pieces.
You spent 132 gold pieces at shops.

Inventory:

Hand Weapons
 w - a +0 morningstar
 N - a +2 flail of draining (weapon)
Armour
 b - a +0 pair of boots (worn)
 c - a +0 kite shield (worn)
 d - the +3 leather armour "Wakhle" {rPois rC- Stlth+}
   (You found it on level 8 of the Dungeon)

   It makes you vulnerable to cold.
   It protects you from poison.
   It makes you more stealthy.
 k - a +1 plate armour (worn)
 s - a +0 pair of gloves (worn)
 J - a +0 ring mail of fire resistance
 S - a +1 ring mail of positive energy
Jewellery
 j - an amulet of faith (around neck)
 o - an uncursed ring of flight
 v - an uncursed ring of resist corrosion
 y - an uncursed ring of see invisible
 D - a cursed amulet of magic regeneration
 M - a +4 ring of protection (left hand)
 O - a +4 ring of protection (right hand)
 Q - an uncursed ring of magical power
 R - an uncursed ring of fire {unknown}
Wands
 e - a wand of iceblast (19)
 n - a wand of digging (9)
 x - a wand of acid (17)
 A - a wand of enslavement (11)
 H - a wand of flame (53)
 L - a wand of disintegration (6)
Scrolls
 f - 5 scrolls of identify
 r - 7 scrolls of remove curse
 B - 6 scrolls of teleportation
 C - 3 scrolls of amnesia
 F - 3 scrolls of blinking
 K - 6 scrolls of enchant armour
 P - a scroll of fear
 T - 2 scrolls of fog
 U - a scroll of enchant weapon
Potions
 a - a potion of might
 g - 3 potions of heal wounds
 h - 2 potions of resistance
 i - 5 potions of flight
 l - 3 potions of cancellation
 m - 4 potions of lignification
 p - 11 potions of curing
 q - 4 potions of brilliance
 t - 3 potions of attraction
 u - 4 potions of mutation
 z - a potion of magic
 E - 2 potions of berserk rage
 G - 2 potions of invisibility {unknown}
 I - 2 potions of ambrosia {unknown}


   Skills:
 + Level 13.0 Fighting
 * Level 15.9 Maces & Flails
 + Level 13.0 Armour
 + Level 13.0 Shields


You had 14 spell levels left.
You didn't know any spells.
Your spell library contained the following spells:

 Spells                   Type           Power        Failure   Level
 Animate Skeleton         Necr           0%           99%         1
 Magic Dart               Conj           0%           99%         1
 Pain                     Necr           0%           99%         1
 Blink                    Tloc           N/A          99%         2
 Call Imp                 Summ           0%           99%         2
 Poisonous Vapours        Pois/Air       0%           99%         2
 Searing Ray              Conj           0%           99%         2
 Slow                     Hex            0%           99%         2
 Conjure Flame            Conj/Fire      0%           100%        3
 Dazzling Flash           Conj/Hex       0%           100%        3
 Mephitic Cloud           Conj/Pois/Air  0%           100%        3
 Vampiric Draining        Necr           0%           100%        3
 Animate Dead             Necr           0%           100%        4
 Cause Fear               Hex            0%           100%        4
 Fulminant Prism          Conj/Hex       0%           100%        4
 Iskenderun's Mystic Bla  Conj/Tloc      0%           100%        4
 Agony                    Necr           0%           100%        5
 Silence                  Hex/Air        0%           100%        5
 Yara's Violent Unravell  Hex/Tmut       0%           100%        5
 Freezing Cloud           Conj/Ice/Air   0%           100%        6
 Discord                  Hex            0%           100%        8


Dungeon Overview and Level Annotations

Branches:
Dungeon (12/15)            Temple (0/1) D:5            Lair (6/6) D:11
 Shoals (0/4) Lair:4        Snake (0/4) Lair:3        Slime (0/5) Lair:5
    Orc (0/2) D:12          Sewer (visited)

Altars:
Ashenzari
Cheibriados
Elyvilon
Fedhas
Qazlal
Ru
Wu Jian
Yredelemnul
Jiyva
Lugonu

Shops:
D:11 (

Portals:
Abyss: Lair:5

Annotations:
D:4 1 runed translucent door
D:5 2 transporters, om's ghost, novice HOFi
D:6 exclusion: upstairs
D:7 exclusion: 2 upstairs
D:9 exclusion: 2 downstairs
D:10 exclusion: downstairs
D:13 Frances
Lair:1 exclusion: 2 downstairs
Lair:5 1 runed translucent door


Innate Abilities, Weirdness & Mutations

You are resistant to torment.
Your stone body is resilient. (AC +11)
You are immune to poison.
Your large and strong wings let you fly indefinitely.
You resist negative energy. (rN+)
You are resistant to electric shocks. (rElec)
You can survive without breathing.
You are immune to petrification.
You are immune to miasma.
You have a pair of small antennae on your head.
You are agile. (Dex +2)
Your natural rate of healing is unusually fast.
You expend magic power (3 MP) to strengthen your wands.


Message History

The sixfirhy is lightly wounded.
You sock the sixfirhy!
The sixfirhy is heavily wounded.
The sixfirhy hits you but does no damage.
You block the sixfirhy's attack.
The sixfirhy hits you but does no damage.
Frances screams a word of power!
The iron shot hits you!!!
* * * LOW HITPOINT WARNING * * *
The sixfirhy hits you but does no damage.
The red devil closely misses you.
You spin and attack Frances repeatedly.
You barely miss Frances.
Frances is heavily wounded.
You bludgeon Frances!!
Frances is severely wounded.
You spin and attack the sixfirhy.
You closely miss the sixfirhy.
The sixfirhy is heavily wounded.
Frances screams a word of power!
The iron shot hits you!!
You die...

......###.# #..
..###.###.#######.#
...............##.#
.####.........(☼§§#
#####.####§#§§# #.#
#§§§§# #†# ###4§☼###
#.###§☼3@§§§###
######....☼§§@§☼§(.#
#.......##§☼§§§§§#.#
#.#####.####§☼§### #
#.# #.(..# #.#
####.# #.# .# #.# .#
#.. .# ..


You could see Frances (fast, drained), a sixfirhy (summoned) and a red devil
(summoned).

Vanquished Creatures
  Snorg (Lair:6)
  7 hydras
  2 catoblepae (Lair:6)
  2 boulder beetles
  A centaur warrior (D:11)
  A two-headed ogre (D:10)
  8 death yaks
  Urug (Lair:4)
  A skeletal warrior (D:11)
  An unseen horror (D:11)
  2 lindwurms (Lair:6)
  3 ugly things
  2 manticores (Lair:6)
  17 elephants
  2 cyclopes (D:11)
  A torpor snail (Lair:6)
  9 black mambas
  Maggie (D:7)
  4 rime drakes
  9 cane toads
  12 komodo dragons
  A yaktaur (D:11)
  4 trolls
  2 merfolk (Lair:4)
  2 hornets
  Prince Ribbit (D:5)
  10 blink frogs
  2 dream sheep (Lair:6)
  Sigmund (D:5)
  A wraith (D:12)
  A shadow (D:7)
  66 yaks
  5 wyverns
  6 basilisks
  3 wargs (D:11)
  An acid dragon (D:11)
  3 nagas (Lair:3)
  Duvessa (D:5)
  15 water moccasins
  3 ice beasts
  3 orc warriors
  3 sky beasts
  3 black bears
  6 phantoms
  10 ogres
  5 centaurs
  18 wolves
  2 big kobolds
  14 bullfrogs
  A gnoll sergeant (D:6)
  A wyvern skeleton (D:10)
  Dowan (D:5)
  8 scorpions
  10 killer bees
  11 wights
  A howler monkey (D:3)
  2 electric eels (Lair:4)
  5 hounds
  A centaur zombie (D:11)
  8 jellies
  4 orc wizards
  7 orc priests
  14 iguanas
  9 worker ants
  A hound zombie (D:7)
  A hound skeleton (D:11)
  9 gnolls
  22 adders
  4 river rats
  A white imp (D:10)
  2 ufetubi
  2 adder skeletons
  3 worms
  4 dart slugs
  7 leopard geckos
  30 orcs
  6 ball pythons
  11 giant cockroaches
  9 goblins
  9 hobgoblins
  7 jackals
  16 kobolds
  3 quokkas
  17 bats
  5 frilled lizards
  A leopard gecko skeleton (D:4)
  2 quokka zombies
  10 rats
544 creatures vanquished.

Vanquished Creatures (others)
  2 bushes (Lair:6)
  14 fungi
  3 lurking horrors (Lair:5)
  38 plants
57 creatures vanquished.

Grand Total: 601 creatures vanquished

Notes
Turn   | Place    | Note
-------+----------+-------------------------------------------
     0 | D:1      | teolandon225 the Gargoyle Fighter began the quest for the
                  | Orb.
     0 | D:1      | Reached XP level 1. HP: 14/14 MP: 1/1
    60 | D:1      | Reached XP level 2. HP: 14/19 MP: 2/2
   678 | D:1      | Reached XP level 3. HP: 19/23 MP: 3/3
  1739 | D:2      | Reached skill level 3 in Maces & Flails
  1739 | D:2      | Reached XP level 4. HP: 22/29 MP: 4/4
  2116 | D:2      | Reached XP level 5. HP: 29/33 MP: 5/5
  2336 | D:3      | Found a basalt altar of Yredelemnul.
  2980 | D:3      | Reached skill level 4 in Maces & Flails
  3024 | D:3      | Reached XP level 6. HP: 35/39 MP: 6/6
  3148 | D:3      | Noticed a phantom
  3175 | D:3      | Killed a phantom
  3661 | D:4      | Found a glowing drain.
  3690 | Sewer    | Entered a sewer
  3707 | Sewer    | Reached XP level 7. HP: 31/44 MP: 7/7
  3906 | Sewer    | Reached skill level 5 in Maces & Flails
  3922 | Sewer    | Found a glowing silver altar of Zin.
  4130 | D:4      | Reached skill level 5 in Fighting
  4130 | D:4      | Reached skill level 5 in Armour
  4130 | D:4      | Reached skill level 5 in Shields
  4677 | D:4      | Found an ornate altar of the Wu Jian Council.
  4737 | D:4      | Became a worshipper of the Wu Jian Council
  4880 | D:4      | Found a white marble altar of Elyvilon.
  4880 | D:4      | Noticed an angel
  4885 | D:4      | Found a runed translucent door.
  5131 | D:5      | Entered Level 5 of the Dungeon
  5682 | D:4      | Reached XP level 8. HP: 43/50 MP: 8/8
  5704 | D:5      | Noticed Duvessa
  5704 | D:5      | Noticed Dowan
  5741 | D:5      | Found a staircase to the Ecumenical Temple.
  5762 | D:6      | Found a blossoming altar of Fedhas.
  5792 | D:6      | Reached skill level 6 in Maces & Flails
  6463 | D:7      | Reached * piety under Wu Jian
  6582 | D:7      | Reached skill level 7 in Maces & Flails
  6747 | D:7      | Reached XP level 9. HP: 36/56 MP: 9/9
  7207 | D:7      | Noticed Maggie
  7221 | D:7      | Killed Maggie
  7222 | D:7      | Reached skill level 8 in Maces & Flails
  8043 | D:6      | Reached ** piety under Wu Jian
  8386 | D:6      | Found a white marble altar of Elyvilon.
  8388 | D:6      | Found a snail-covered altar of Cheibriados.
  8393 | D:6      | Found a sacrificial altar of Ru.
  8658 | D:5      | Found a transporter.
  8662 | D:5      | Noticed om's ghost (novice HOFi)
  8670 | D:5      | Found a transporter.
  8748 | D:5      | Reached skill level 9 in Maces & Flails
  8748 | D:5      | Reached XP level 10. HP: 63/63 MP: 10/10
  8857 | D:5      | Killed Dowan
  8867 | D:5      | Killed Duvessa
  9017 | D:5      | You fall into a shaft and drop 2 floors!
  9736 | D:5      | Noticed Sigmund
  9740 | D:5      | Killed Sigmund
  9855 | D:5      | Noticed Prince Ribbit
  9873 | D:5      | Killed Prince Ribbit
 10368 | D:8      | Found a broken altar of Ashenzari.
 10396 | D:8      | Got an ancient leather armour
 11331 | D:9      | Found a stormy altar of Qazlal.
 11644 | D:9      | Reached *** piety under Wu Jian
 11646 | D:9      | Reached skill level 10 in Maces & Flails
 11960 | D:10     | Entered Level 10 of the Dungeon
 12257 | D:10     | Noticed a two-headed ogre
 12860 | D:11     | Found Pareirom's Weapon Boutique.
 13222 | D:11     | Bought a +0 flail of draining for 132 gold pieces
 13301 | D:11     | Gained mutation: You have a pair of small antennae on your
                  | head. [potion of mutation]
 13301 | D:11     | Gained mutation: You are agile. (Dex +2) [potion of
                  | mutation]
 13301 | D:11     | Gained mutation: Your natural rate of healing is unusually
                  | fast. [potion of mutation]
 13301 | D:11     | Gained mutation: You expend magic power (3 MP) to
                  | strengthen your wands. [potion of mutation]
 13313 | D:11     | Reached XP level 11. HP: 45/69 MP: 11/11
 13362 | D:11     | Noticed a centaur warrior
 13367 | D:11     | Noticed a two-headed ogre
 13531 | D:10     | Killed a two-headed ogre
 13971 | D:11     | Reached skill level 11 in Maces & Flails
 14119 | D:11     | Killed a centaur warrior
 14120 | D:11     | Reached **** piety under Wu Jian
 14147 | D:11     | Noticed a fire dragon
 14149 | D:11     | Noticed a red ugly thing
 14156 | D:11     | HP: 2/71 [yak (9)]
 14417 | D:11     | Noticed a cyclops
 14431 | D:11     | Killed a cyclops
 14451 | D:11     | Noticed a purple ugly thing
 14589 | D:11     | Identified the +4 flail of Earthquakes {distort, rN+ Dex+5}
 14638 | D:11     | Found a staircase to the Lair.
 14806 | D:11     | Noticed a skeletal warrior
 14814 | D:11     | Noticed a green ugly thing
 14844 | D:10     | Killed a green ugly thing
 15046 | D:11     | Identified the +5 short sword of Paper {freeze, Dex+4}
 15317 | D:11     | Noticed a cyclops
 15328 | D:11     | Killed a purple ugly thing
 15335 | D:11     | Killed a cyclops
 15404 | D:11     | Noticed an unseen horror
 15412 | D:11     | Killed an unseen horror
 15521 | D:11     | Killed a green ugly thing
 15522 | D:11     | Reached skill level 10 in Fighting
 15522 | D:11     | Reached skill level 12 in Maces & Flails
 15522 | D:11     | Reached XP level 12. HP: 65/77 MP: 12/12
 15580 | D:11     | Reached skill level 10 in Armour
 15580 | D:11     | Reached skill level 10 in Shields
 15662 | Lair:1   | Entered Level 1 of the Lair of Beasts
 15761 | Lair:1   | Reached ***** piety under Wu Jian
 15879 | Lair:1   | Noticed a four-headed hydra
 15901 | Lair:1   | Killed a four-headed hydra
 16131 | Lair:1   | Identified the +3 leather armour "Wakhle" {rPois rC-
                  | Stlth+} (You found it on level 8 of the Dungeon)
 16398 | Lair:1   | Noticed a seven-headed hydra
 16411 | Lair:1   | Killed a seven-headed hydra
 16758 | Lair:2   | Noticed an eight-headed hydra
 16824 | Lair:2   | Reached skill level 13 in Maces & Flails
 17054 | Lair:2   | Reached XP level 13. HP: 80/84 MP: 13/13
 18328 | Lair:3   | Found a staircase to the Snake Pit.
 18385 | Lair:3   | Reached skill level 14 in Maces & Flails
 19108 | Lair:4   | Found a staircase to the Shoals.
 19177 | Lair:4   | Noticed Urug
 19192 | Lair:4   | Killed Urug
 20313 | Lair:5   | Gained mutation: Your large and strong wings let you fly
                  | indefinitely. [Gargoyle growth]
 20313 | Lair:5   | Reached XP level 14. HP: 84/92 MP: 14/14
 20395 | Lair:5   | Found a one-way gate to the infinite horrors of the Abyss.
 20396 | Lair:5   | Found a corrupted altar of Lugonu.
 20697 | Lair:5   | Reached skill level 15 in Maces & Flails
 20876 | Lair:5   | Found a runed translucent door.
 20876 | Lair:5   | Found a viscous altar of Jiyva.
 20878 | Lair:5   | Found a staircase to the Slime Pits.
 21198 | Lair:6   | Entered Level 6 of the Lair of Beasts
 21423 | Lair:6   | Found the +5 robe of Night {Dark Will+ SInv}
 21577 | Lair:6   | Noticed Snorg
 21601 | Lair:6   | Killed Snorg
 22111 | Lair:6   | Reached ****** piety under Wu Jian
 22603 | Lair:6   | Reached XP level 15. HP: 36/98 MP: 15/15
 23189 | D:12     | Found a staircase to the Orcish Mines.
 23294 | D:12     | Noticed a frost giant
 23297 | D:12     | You fall into a shaft and drop 1 floor!
 23409 | D:13     | Noticed Frances
 23432 | D:13     | Killed from afar by Frances

Illustrated notes

Levels and vault maps discovered:
D:1:      elethiomel_arrival_shortcut, layout_basic, minmay_pentomino_p4
D:2:      layout_basic
D:3:      minmay_thinvault, layout_basic, old_standard_altar,
          saegor_snake_ambush
D:4:      layout_cave_pools, nzn_wu_jian_contemplation, portal_sewer_entry_e,
          serial_column_ruins, column_ruins_hut_water, column_ruins_open_tiny,
          column_ruins_open_tiny_water, column_ruins_grid_1,
          column_ruins_columns_straight, minmay_misc_feat_plants,
          lemuel_angel_altar
D:5:      layout_basic, temple_green, gammafunk_ghost_smash,
          uniq_prince_ribbit1, uniq_duvessa, uniq_sigmund
D:6:      layout_basic, fedhas_altar_3, grunt_temple_overflow_diamond
D:7:      layout_gridville, minivault_19, st_stairs_9, uniq_maggie
D:8:      layout_rooms, nicolae_overflow_crystal_walls,
          kennysheep_generic_room_14
D:9:      layout_loops_ring, nicolae_qazlal_style_of_elements
D:10:     layout_big_octagon, minmay_fractal_squares_5
D:11:     minmay_the_grid_net [minmay_the_grid_square_x,
          minmay_the_grid_stretched_grid, minmay_the_grid_large_cup,
          minmay_the_grid_minigrid_small_alt, minmay_the_grid_aliased_spiral,
          minmay_the_grid_prize_trominoes], layout_loops_ring,
          erik_lair_orcish_takeover, serial_shops, shop_fountains
D:12:     layout_layer_cave, orc_0_dummy, kennysheep_four_rooms
D:13:     layout_loops_ring, david_vaults_3, enter_trove_5, uniq_frances
Lair:1:   beast_lair_carwin_large_1, layout_big_grid, lemuel_fruit_tree
Lair:2:   beast_lair_carwin_large_4, layout_small_grid
Lair:3:   layout_small_grid, minmay_snake_entry_guardpost_small,
          chequers_serial_rivers_small_b
Lair:4:   layout_cave_pods, elwin_shoals_entry_rooms,
          chequers_serial_rivers_micro_e, serial_bayou_shore_a,
          infiniplex_staircase_pool_2, uniq_rupert, uniq_urug
Lair:5:   layout_regular_city, slime_altar_2, amcnicky_altar_lugonu_corruption
Lair:6:   hangedman_lair_in_review, layout_loops_ring, nicolae_lair_yak_garden,
          uniq_snorg

Skill      XL: |  1  2  3  4  5  6  7  8  9 10 11 12 13 14 15 |
---------------+----------------------------------------------+-----
Maces & Flails | 3 4 5 7 9 10 12 13 14 15 | 15.9
Fighting       | 4 5 6 7 8 10 11 12 13 | 13.0
Shields        | 4 5 6 7 8 9 10 12 13 | 13.0
Armour         | 4 5 6 7 8 9 11 12 13 | 13.0

Action                   |  1- 3 |  4- 6 |  7- 9 | 10-12 | 13-15 || total
-------------------------+-------+-------+-------+-------+-------++-------
Melee: Flail             |   152 |   361 |    93 |   748 |  1352 ||  2706
       Morningstar       |       |       |   468 |   309 |       ||   777
Invok: Lunge             |       |       |    17 |    22 |    38 ||    77
       Whirlwind         |       |       |     7 |    83 |   289 ||   379
       Serpent's Lash    |       |       |       |     2 |     1 ||     3
       Heavenly Storm    |       |       |       |     1 |     2 ||     3
 Abil: Evoke Flight      |       |       |     1 |       |       ||     1
       Wall Jump         |       |       |       |     8 |     7 ||    15
  Use: Scroll            |       |     3 |     5 |    19 |     7 ||    34
       Potion            |       |       |     3 |     7 |     1 ||    11
 Stab: Petrified         |       |       |       |       |     2 ||     2
       Petrifying        |       |       |       |       |     1 ||     1
Armor: Scale mail        |    73 |       |       |       |       ||    73
       Plate armour      |    11 |   284 |   339 |   529 |   769 ||  1932
       Ring mail         |       |       |       |    13 |       ||    13
Dodge: Dodged            |    44 |    65 |    75 |   172 |   249 ||   605
Block: Kite shield       |    89 |   208 |   268 |   532 |   672 ||  1769
